cohdb
Replays
Latest Replays
All Replays
Popular Replays
Top Player Replays
Match Explorer
How It Works
Community
CoH3 Stats
Reddit
Sign in to upload your games and track your stats! →
Sign in with Steam
Match 20608069
Unlisted
Match 20608069
Overview
Messages
Build Orders
End
Vickers Machine Gun Team
Construct Section Command Post
Infantry Section
Infantry Section
Infantry Section
Construct Platoon Command Post
Unlock M3 Stuart Light Tanks
M3 Stuart Light Tank
M3 Stuart Light Tank
Vickers Machine Gun Team
Selects Heavy Armor Battlegroup
Selects Light Vehicle Withdraw and Refit
Selects Radio Net
Light Vehicle Withdraw and Refit
Selects Recon Artillery
Recon Artillery
Selects Rigorous Vehicle Training
Grenade Package
Construct Company Command Post
Unlock Bishop Self-propelled Artillery
Bishop Self-propelled Artillery
Bishop Self-propelled Artillery
Construct Company Command Post
Foot Guards Section
Foot Guards Section
Recon Artillery
Matilda II Heavy Tank
SneaKerz
gb_gbg
MrWolf
UberArsch
0
0
Comments
sign in to comment!
No comments posted yet!